 Dungeon Crawl Stone Soup version 0.17-a0-1262-gd250d98 (webtiles) character file.

38 Hanyuu the Insei (level 3, -5/23 HPs)
             Began as an Octopode Transmuter on June 6, 2015.
             Killed by nerve-wracking pain
             ... invoked by Jessica
              (10 damage)
             ... on level 2 of the Dungeon.
             The game lasted 00:02:18 (566 turns).

Hanyuu the Insei (Octopode Transmuter)               Turns: 566, Time: 00:02:18

Health: -5/23      AC:  1    Str: 13    XL:     3   Next: 43%
Magic:  5/6        EV: 12    Int: 16    God:
Gold:   71         SH:  0    Dex: 12    Spells: 3 memorised, 0 levels left

rFire  . . .     SeeInvis .       - Unarmed
rCold  . . .     Clarity  .     (no shield)
rNeg   . . .     SustAt   .     (helmet restricted)
rPois  .         Gourm    .     (no amulet)
rElec  .         Spirit   .     l - +4 ring of strength
rCorr  .         Warding  .     (no ring)
rMut   .         Stasis   .     (no ring)
MR     .....                    (no ring)
Stlth  ++........               (no ring)
                                (no ring)
                                (no ring)
                                (no ring)

@: very slightly contaminated, not resistant to hostile enchantments, unstealthy
A: almost no armour, amphibious, 8 rings, constrict 8, camouflage 1, gelatinous
body 1
a: no special abilities


You were on level 2 of the Dungeon.
You were not hungry.

You visited 1 branch of the dungeon, and saw 2 of its levels.

You collected 71 gold pieces.

Inventory:

Missiles
 a - 12 arrows
 n - 13 poisoned needles
Jewellery
 l - a +4 ring of strength (left tentacle)
Scrolls
 e - a scroll of noise {unknown}
 f - a scroll of remove curse {unknown}
 k - a scroll of identify {unknown}
 m - a scroll of fear {unknown}
Books
 b - a book of Changes

   Spells                             Type                      Level
   a - Beastly Appendage              Transmutation                1
   b - Sticks to Snakes               Transmutation                2
   c - Spider Form                    Transmutation/Poison         3
   d - Ice Form                       Ice/Transmutation            4
   e - Blade Hands                    Transmutation                5
Comestibles
 c - a bread ration
 h - a slice of pizza


   Skills:
 - Level 1.0 Fighting
 - Level 2.0 Dodging
 + Level 4.4 Unarmed Combat
 - Level 2.0 Spellcasting
 - Level 2.0 Transmutations


You couldn't memorise any spells.
You knew the following spells:

 Your Spells              Type           Power        Failure   Level  Hunger
a - Beastly Appendage     Trmt           #.....       10%         1    #......
b - Sticks to Snakes      Trmt           #.........   14%         2    ###....
c - Spider Form           Trmt/Pois      #.........   38%         3    ###....


Dungeon Overview and Level Annotations

Branches:
Dungeon (2/15)

Altars:
Dithmenos

Annotations:
D:2 Jessica


Innate Abilities, Weirdness & Mutations

You cannot wear most types of armour.
You are amphibious.
You can wear up to eight rings at the same time.
You can use your tentacles to constrict eight enemies at once.
Your skin changes colour to match your surroundings (Stealth).
Your rubbery body absorbs attacks (AC +1).


Message History

Jessica says, "Why did you come here?" Jessica closely misses you.
Jessica mumbles some strange words.
Jessica blinks!
Casting: Spider Form
Confirm with . or Enter, or press ? or * to list all spells.
You turn into a venomous arachnid creature.
Your transformation is almost over.
All of the chunks of flesh in your inventory have rotted away.
Found 5 large rocks.
Your transformation has ended.
Jessica is no longer moving quickly.
You see here 5 large rocks.
There is a stone staircase leading down here.
Your extra speed is starting to run out.
You feel yourself slow down.
You start resting.
Jessica casts a spell at you. Pain shoots through your body!
You die...

#.........# #.
#.##.####)###.
#.##.# #.....
#.##.# ###.##
#.##.# #.##
###.##.######>..
##...##..........
##.###....#####.##
#@## ##..## ###.#
#.# #..# #...#
#@## ##.## #.###
##.###.## #.#
##...## #.# ##..#
#.#
#..#######.####
#..............
#.########.####


You could see Jessica.

Vanquished Creatures
  2 adders (D:2)
  A giant gecko (D:2)
  2 hobgoblins
  4 kobolds
  A quokka (D:2)
  3 bats
  2 giant newts (D:2)
  2 goblins (D:1)
  3 rats
20 creatures vanquished.

Notes
Turn   | Place    | Note
--------------------------------------------------------------
     0 | D:1      | Hanyuu the Octopode Transmuter began the quest for the Orb.
     0 | D:1      | Reached XP level 1. HP: 13/13 MP: 3/3
    86 | D:1      | Reached XP level 2. HP: 16/18 MP: 5/5
    94 | D:1      | You fall through a shaft!
   263 | D:2      | Noticed Jessica
   267 | D:2      | Found a shadowy altar of Dithmenos.
   280 | D:2      | Reached skill level 4 in Unarmed Combat
   280 | D:2      | Reached XP level 3. HP: 11/23 MP: 6/6
   452 | D:2      | Learned a level 2 spell: Sticks to Snakes
   456 | D:2      | Learned a level 3 spell: Spider Form
   566 | D:2      | Killed from afar by Jessica

Vault maps used:
D:1:      minmay_arrival_cross
D:2:      old_standard_altar, uniq_jessica, uniq_natasha

Action                   || total
-------------------------++-------
Melee: Unarmed           ||    46
 Cast: Spider Form       ||     2
  Use: Potion            ||     3
 Stab: Sleeping          ||     3
